 Dungeon Crawl Stone Soup version 0.31-a0-66-ge618eeaa78 (webtiles) character file.

Game seed: 8199009572812156361

28 mopl the Magician (level 3, -1/21 HPs)
             Began as an Octopode Hedge Wizard on May 22, 2023.
             Slain by a gnoll
             ... wielding a +0 club
              (7 damage)
             ... on level 2 of the Dungeon.
             The game lasted 00:01:09 (826 turns).

mopl the Magician (Octopode Hedge Wizard)            Turns: 826, Time: 00:01:10

Health: -1/21      AC:  1    Str:  9    XL:     3   Next: 14%
Magic:  0/7        EV: 13    Int: 18    God:
Gold:   55         SH:  0    Dex: 11    Spells: 5/8 levels left

rFire   . . .        a - +2 dagger (elec)
rCold   . . .        (no shield)
rNeg    . . .        b - +0 hat
rPois   +            i - amulet of guardian spirit
rElec   .            h - ring of poison resistance
rCorr   .            (no ring)
SInv    .            (no ring)
Will    .....        (no ring)
Stlth   +++          (no ring)
HPRegen 0.23/turn    (no ring)
MPRegen 0.10/turn    (no ring)
                     (no ring)

%: guardian spirit
@: no status effects
A: almost no armour, amphibious, 8 rings, camouflage 1, gelatinous body 1,
(nimble swimmer 1), tentacles
a: no special abilities


You were on level 2 of the Dungeon.
You visited 1 branch of the dungeon, and saw 2 of its levels.

You collected 55 gold pieces.

Inventory:

Hand Weapons
 a - a +2 dagger of electrocution (weapon)
Armour
 b - a +0 hat (worn)
Magical Staves
 k - a staff of fire
Jewellery
 h - a ring of poison resistance (left tentacle)
 i - an amulet of guardian spirit (around mantle)
Scrolls
 d - a scroll of identify {unknown}
 e - a scroll of immolation {unknown}
 f - a scroll of magic mapping {unknown}
 g - 2 scrolls of teleportation {unknown}
 l - a scroll of vulnerability {unknown}
Potions
 c - a potion of magic
 j - a potion of degeneration {unknown}


   Skills:
 - Level 2.0 Dodging
 - Level 2.6 Stealth
 + Level 3.3 Spellcasting
 + Level 1.8 Conjurations
 - Level 1.0 Summonings
 + Level 1.8 Translocations


You had 5 spell levels left.
You knew the following spells:

 Your Spells              Type           Power      Damage    Failure   Level
a - Magic Dart            Conj           36%        1d4       8%          1
e - Blink                 Tloc           18%        N/A       11%         2

Your spell library contained the following spells:

 Spells                   Type           Power      Damage    Failure   Level
 Slow                     Hex            12%        N/A       16%         1
 Call Imp                 Summ           12%        N/A       16%         2
 Cigotuvi's Dreadful Rot  Necr/Pois/Air  2%         N/A       30%         2
 Mephitic Cloud           Conj/Pois/Air  3%         N/A       43%         3


Dungeon Overview and Level Annotations

Branches:
Dungeon (2/15)

Altars:


Innate Abilities, Weirdness & Mutations

You cannot wear most types of armour.
You are amphibious.
You can wear up to eight rings at the same time.
Your skin changes colour to match your surroundings (Stealth+).
Your rubbery body absorbs attacks. (AC +1, EV +1)
((You are camouflaged when in or above water. (Stealth+)))
You have tentacles for arms and can constrict up to eight enemies at once.


Message History

The rat closely misses you.
The ball python hisses angrily.
You hit the rat.
You kill the rat!
The bat closely misses you. The bat misses you.
An endoplasm comes into view.
You closely miss the bat. Your grab misses the bat.
Your squeeze misses the bat.
The bat is moderately wounded.
The bat closely misses you.
A frilled lizard comes into view.
Found a club.
The frilled lizard hisses angrily.
The bat barely misses you. The gnoll hits you with a +0 whip.
The gnoll closely misses you. The bat completely misses you.
You hit the bat.
You kill the bat!
The gnoll hits you with a +0 whip.
You hit the gnoll. You grab the gnoll.
The gnoll is moderately wounded.
You constrict the gnoll. The gnoll hits you with a +0 whip.
You hit the gnoll. You tentacle-slap the gnoll.
The gnoll is severely wounded.
You constrict the gnoll. The gnoll closely misses you. x2
The gnoll barely misses you.
You hit the gnoll but do no damage. You squeeze the gnoll.
The gnoll is almost dead.
You constrict the gnoll. The gnoll closely misses you.
The gnoll hits you with a +0 whip! The gnoll hits you with a +0 club!
* * * LOW HITPOINT WARNING * * *
You are too injured to fight recklessly!
You are too injured to fight recklessly!
You are too injured to fight recklessly!
You are too injured to fight recklessly!
You are too injured to fight recklessly!
You are too injured to fight recklessly!
Unknown command.
You release your grip on the gnoll.
The gnoll attacks as you move away! The gnoll hits you with a +0 club!
You die...

###########
..)....)..########
.########....<>..#
#........)..#
#....######.#
#....<.. #.# #.......
#@#
#..........Jggg.)....
###....##...lS####...
#....###.#..# #.#..#
. #..# . #..# .. ...#


You could see 3 gnolls, an endoplasm, a ball python and a frilled lizard.

Vanquished Creatures
  2 ball pythons (D:1)
  3 bats
  4 endoplasms (D:1)
  2 giant cockroaches (D:1)
  2 goblins (D:1)
  3 hobgoblins (D:1)
  2 frilled lizards (D:1)
  4 kobolds
  3 rats
25 creatures vanquished.

Notes
Turn   | Place    | Note
-------+----------+-------------------------------------------
     0 | D:1      | mopl the Octopode Hedge Wizard began the quest for the Orb.
     0 | D:1      | Reached XP level 1. HP: 11/11 MP: 4/4
    88 | D:1      | Found a faded altar of an unknown god.
   171 | D:1      | Reached XP level 2. HP: 12/17 MP: 0/6
   196 | D:1      | Learned a level 2 spell: Blink
   662 | D:1      | You fall into a shaft and drop 1 floor!
   715 | D:1      | Reached XP level 3. HP: 21/21 MP: 7/7
   826 | D:2      | Slain by a gnoll

Illustrated notes

Levels and vault maps discovered:
D:1:      nzn_arrival_depleted_hourglass, layout_basic, basic_ecumenical_altar
D:2:      minmay_door_path, layout_loops_ring, uniq_robin

Action                     || total
---------------------------++-------
  Melee: Dagger            ||    51
         Tentacles         ||    10
         Constrict         ||    11
         Punch             ||     1
   Cast: Magic Dart        ||     9
   Stab: Sleeping          ||     4
 Armour: Skin              ||     2
  Dodge: Dodged            ||    42

Table legend: (Time is in decaauts)
 A = Elapsed time spent in this place.
 B = Non-inter-level travel time spent in this place.
 C = Inter-level travel time spent in this place.
 D = Time resting spent in this place.
 E = Time spent auto-exploring this place.
 F = Levels seen in this place.
 G = Mean time per level.
                   A        B        C        D        E       F      G
               +--------+--------+--------+--------+--------+-----+--------+
         Total |    825 |    786 |     39 |     54 |    552 |   2 |  412.5 |
       Dungeon |    825 |    786 |     39 |     54 |    552 |   2 |  412.5 |
               +--------+--------+--------+--------+--------+-----+--------+

Top non-repeatable levels by time:
     D:1: 801 daAuts
     D:2: 24 daAuts
